 Dungeon Crawl Stone Soup version 0.31-a0-819-gf6de2f5ab6 (webtiles) character file.

Game seed: 16920824744442784655

4048 qw the Skirmisher (level 10, -3/64 HPs)
             Began as a Gargoyle Hunter on Sept 23, 2023.
             Was a Believer of Okawaru.
             Slain by a six-headed hydra (10 damage)
             ... on level 9 of the Dungeon.
             The game lasted 00:03:43 (7697 turns).

qw the Skirmisher (Gargoyle Hunter)                 Turns: 7697, Time: 00:03:43

Health: -3/64      AC: 19    Str: 20    XL:     10   Next: 24%
Magic:  12/13      EV: 16    Int: 11    God:    Okawaru [**....]
Gold:   391        SH:  0    Dex: 17    Spells: 9/9 levels left

rFire   . . .        Y - +2 shortbow
rCold   . . .        (shield currently unavailable)
rNeg    + . .        c - +0 steam dragon scales
rPois   inf          h - +0 helmet
rElec   +            l - +0 cloak
rCorr   .            d - +0 pair of gloves
SInv    +            m - +0 pair of boots
Will    .....        (no amulet)
Stlth   +++          b - +6 ring of strength
HPRegen 0.30/turn    e - ring of see invisible
MPRegen 0.13/turn

%: no passive effects
@: about to teleport, heroic
A: sickness immunity, AC +7, negative energy resistance 1, electricity
resistance, torment resistance 1, petrification resistance
a: Renounce Religion, Heroism


You were on level 9 of the Dungeon.
You worshipped Okawaru.
Okawaru was pleased with you.
You visited 2 branches of the dungeon, and saw 11 of its levels.
You also visited: Ossuary.

You collected 531 gold pieces.
You spent 140 gold pieces at shops.


Innate Abilities, Weirdness & Mutations

You are immune to sickness and miasma.
Your stone body is resilient. (AC +7)
You are immune to poison.
You resist negative energy. (rN+)
You are resistant to electric shocks. (rElec)
You are resistant to unholy torment.
You are immune to petrification.


   Skills:
 - Level 8.0(13.0) Fighting
 + Level 11.6(16.6) Ranged Weapons
 - Level 4.2(9.2) Armour
 - Level 3.1(8.1) Dodging
 - Level 1.1(6.1) Stealth
 - Level 4.0 Invocations


You had 9 spell levels left.
You didn't know any spells.
Your spell library was empty.

Inventory:

Hand Weapons
 Y - a +2 shortbow (weapon)
Armour
 c - +0 steam dragon scales (worn)
 d - a +0 pair of gloves (worn)
 h - a +0 helmet (worn)
 l - a +0 cloak (worn)
 m - a +0 pair of boots (worn)
Jewellery
 b - a +6 ring of strength (left hand)
 e - a ring of see invisible (right hand)
 f - the ring of Daenav {rElec rCorr Str+6 Int+2 Dex-3 SInv}
   (You found it on level 10 of the Dungeon)

   [ring of strength]

   Str+6:     It affects your strength (+6).
   Int+2:     It affects your intelligence (+2).
   Dex-3:     It affects your dexterity (-3).
   rElec:     It insulates you from electricity.
   SInv:      It lets you see invisible.
   rCorr:     It protects you from acid and corrosion.
Wands
 a - a wand of digging (4)
Scrolls
 k - a scroll of identify
 n - 2 scrolls of teleportation
Potions
 i - 2 potions of heal wounds
 j - 6 potions of curing
 o - a potion of haste {unknown}
 p - a potion of cancellation

Dungeon Overview and Level Annotations

Branches:
Dungeon (10/15)            Temple (1/1) D:5         Ossuary (visited)
   Lair: D:8-11         Orc: D:9-12

Altars:
Ashenzari
Dithmenos
Fedhas
Gozag
Hepliaklqana
Kikubaaqudgha
Okawaru
Qazlal
Ru
Sif Muna
Uskayaw
Vehumet
Wu Jian
Xom
Yredelemnul
Zin
The Shining One

Shops:
D:3 !:   D:6 :

Annotations:
D:5 2 transporters, qw's ghost, novice GrHu


Message History

The six-headed hydra completely misses you.
You shoot an arrow. The arrow hits the six-headed hydra!
The six-headed hydra is heavily wounded.
The six-headed hydra completely misses you.
The six-headed hydra bites you but does no damage. x2
The six-headed hydra closely misses you.
The six-headed hydra misses you.
The six-headed hydra bites you but does no damage.
You shoot an arrow. The arrow hits the six-headed hydra.
The six-headed hydra is heavily wounded.
You shoot an arrow.
The arrow barely misses the six-headed hydra.
The six-headed hydra bites you.
The six-headed hydra bites you but does no damage.
The six-headed hydra closely misses you. x2
The six-headed hydra bites you but does no damage.
The six-headed hydra closely misses you.
You shoot an arrow. The arrow hits the six-headed hydra!
The six-headed hydra is severely wounded.
The six-headed hydra bites you but does no damage.
The six-headed hydra bites you. x2; The six-headed hydra misses you.
The six-headed hydra closely misses you.
The six-headed hydra bites you but does no damage.
You shoot an arrow.
The arrow barely misses the six-headed hydra.
You shoot an arrow. The arrow hits the six-headed hydra.
The six-headed hydra is severely wounded.
The six-headed hydra barely misses you. The six-headed hydra bites you!
The six-headed hydra bites you.
The six-headed hydra bites you but does no damage.
The six-headed hydra misses you. The six-headed hydra bites you!
7697 ||| READING 3 scrolls of teleportation.
As you read the scroll of teleportation, it crumbles to dust.
You feel strangely unstable. The six-headed hydra bites you.
The six-headed hydra bites you but does no damage.
The six-headed hydra barely misses you.
The six-headed hydra bites you but does no damage.
The six-headed hydra misses you. The six-headed hydra bites you!
You die...

###...# #..#..#
..... #####
#...## .####.
##..###..# ##
##.......# #~
##.###.....
#.###)## #....
#..)## ....
##...# .##
#.@D.# #
#........#
#..###).......#
. ..........
#...........
#.....^.....
..>.#.......
.##..#.###..


You could see a six-headed hydra.

Vanquished Creatures
  A two-headed ogre (D:5)
  Grinder (D:3)
  A hornet (D:7)
  A wraith (D:10)
  A wyvern (D:9)
  A shadow (D:8)
  A steam dragon (D:7)
  An ice beast (D:8)
  An orc warrior (D:7)
  2 ogres (D:5)
  A centaur (D:5)
  2 phantoms (D:7)
  A kobold brigand (D:7)
  3 bullfrogs
  2 scorpions
  4 water moccasin zombies (Ossuary)
  5 killer bees (D:10)
  A vampire bat (D:10)
  A howler monkey (D:6)
  4 centaur zombies (D:7)
  A hound (D:6)
  3 jellies
  3 orc priests
  Jessica (D:3)
  5 iguanas
  3 orc wizards
  A sleepcap (D:3)
  3 killer bee zombies (D:7)
  A howler monkey zombie (D:7)
  2 mummies (Ossuary)
  9 adders
  8 gnolls
  3 white imps
  2 ufetubi (D:5)
  5 adder zombies (Ossuary)
  2 dart slugs
  24 orcs
  5 endoplasms
  A giant cockroach (D:3)
  3 gnoll zombies (Ossuary)
  3 goblins (D:2)
  6 hobgoblins
  4 jackals (D:2)
  7 quokkas
  4 ball pythons
  14 bats
  7 frilled lizards
  4 hobgoblin zombies (Ossuary)
  9 kobolds
  9 kobold zombies (Ossuary)
  7 orc zombies (Ossuary)
  8 rats
202 creatures vanquished.

Notes
Turn   | Place    | Note
-------+----------+-------------------------------------------
     0 | D:1      | qw the Gargoyle Hunter began the quest for the Orb.
     0 | D:1      | Reached XP level 1. HP: 12/12 MP: 1/1
     0 | D:1      | 0 ||| qw: Version: 0.3-a-83-gcd0e7d8
     0 | D:1      | 0 ||| qw: Game counter: 1500
     0 | D:1      | 0 ||| qw: Melee chars always use a shield: true
     0 | D:1      | 0 ||| qw: God list: Okawaru
     0 | D:1      | 0 ||| qw: Allow faded altars: false
     0 | D:1      | 0 ||| qw: Do Orc after clearing Dungeon:15 true
     0 | D:1      | 0 ||| qw: Do second Lair branch before Depths: true
     0 | D:1      | 0 ||| qw: Lair rune preference: random
     0 | D:1      | 0 ||| qw: Goals: Normal
     0 | D:1      | 0 ||| PLANNING D:1-11
   157 | D:1      | Reached XP level 2. HP: 12/17 MP: 2/2
   522 | D:1      | Found a faded altar of an unknown god.
   652 | D:1      | Reached XP level 3. HP: 21/21 MP: 3/3
   723 | D:1      | 723 ||| UPGRADING to +0 pair of gloves.
   728 | D:1      | 728 ||| UPGRADING to +0 ring mail.
   738 | D:1      | 738 ||| DROPPING +0 leather armour.
   739 | D:1      | 739 ||| DROPPING amulet of magic regeneration.
   740 | D:1      | 740 ||| DROPPING ring of wizardry.
   741 | D:1      | 741 ||| READING scroll labelled RITEOR ZAXTEH.
   742 | D:1      | 742 ||| READING 2 scrolls labelled VIERA OH WASU.
   743 | D:1      | 743 ||| DROPPING scroll of butterflies.
   782 | D:2      | Reached skill level 1 in Armour
   782 | D:2      | Found an opulent altar of Gozag.
   989 | D:2      | Reached skill level 5 in Ranged Weapons
  1516 | D:2      | Reached XP level 4. HP: 27/27 MP: 4/4
  1673 | D:2      | 1673 ||| UPGRADING to +6 ring of strength.
  1674 | D:2      | 1674 ||| READING scroll labelled TERCHE XYSHOE.
  1678 | D:2      | 1678 ||| READING scroll labelled ZEKOMN YDAEV.
  1679 | D:2      | 1679 ||| READING scroll labelled WAFEHEA JINO.
  1680 | D:2      | 1680 ||| DRINKING 2 blue potions.
  1708 | D:2      | 1708 ||| DROPPING potion of lignification.
  1727 | D:3      | Found Loluttuu's Book Emporium.
  1756 | D:3      | Reached skill level 3 in Fighting
  1962 | D:3      | Noticed Jessica
  1964 | D:3      | Killed Jessica
  1965 | D:3      | Reached XP level 5. HP: 30/32 MP: 5/5
  2056 | D:3      | Noticed Grinder
  2073 | D:3      | 2073 ||| FLEEEEING.
  2074 | D:3      | 2074 ||| FLEEEEING.
  2096 | D:3      | Killed Grinder
  2097 | D:3      | Reached skill level 7 in Ranged Weapons
  2097 | D:3      | Reached XP level 6. HP: 35/37 MP: 6/6
  2178 | D:3      | Found Seubinlu's Distillery.
  2183 | D:3      | 2183 ||| BUYING potion of curing (30 gold).
  2183 | D:3      | Bought a potion of curing for 30 gold pieces
  2183 | D:3      | 2183 ||| BUYING potion of curing (30 gold).
  2183 | D:3      | Bought a potion of curing for 30 gold pieces
  2183 | D:3      | 2183 ||| BUYING potion of curing (30 gold).
  2183 | D:3      | Bought a potion of curing for 30 gold pieces
  2183 | D:3      | 2183 ||| BUYING potion of heal wounds (50 gold).
  2183 | D:3      | Bought a potion of heal wounds for 50 gold pieces
  2183 | D:3      | 2183 ||| SHOPLISTING potion of mutation (80 gold, have 53).
  2227 | D:3      | Found a shadowy altar of Dithmenos.
  2228 | D:3      | Noticed a shadow
  2231 | D:3      | Found a hazy altar of Hepliaklqana.
  2365 | D:3      | 2365 ||| UPGRADING to ring of see invisible.
  2366 | D:3      | 2366 ||| READING scroll labelled ECANKU DOIPLI.
  2367 | D:3      | 2367 ||| DRINKING 2 murky green potions.
  2368 | D:3      | 2368 ||| DROPPING potion of attraction.
  2558 | D:4      | Found a glowing golden altar of the Shining One.
  2711 | D:4      | Reached XP level 7. HP: 43/43 MP: 7/7
  3211 | D:4      | 3211 ||| UPGRADING to +0 cloak.
  3216 | D:4      | 3216 ||| UPGRADING to +0 pair of boots.
  3221 | D:4      | 3221 ||| READING scroll labelled JYSATOA CUDD.
  3222 | D:4      | 3222 ||| READING scroll labelled PYOQOB FUMO.
  3229 | D:5      | Entered Level 5 of the Dungeon
  3231 | D:5      | 3231 ||| STAIRDANCE
  3240 | D:5      | 3240 ||| STAIRDANCE
  3251 | D:5      | 3251 ||| STAIRDANCE
  3258 | D:5      | 3258 ||| STAIRDANCE
  3280 | D:5      | 3280 ||| DRINKING 3 potions of curing.
  3280 | D:5      | 3280 ||| (to cure confusion)
  3379 | D:5      | HP: 4/43 [centaur/arrow (11)]
  3380 | D:5      | 3380 ||| READING scroll of teleportation.
  3381 | D:5      | 3381 ||| DRINKING 3 potions of heal wounds.
  3382 | D:5      | Found a staircase to the Ecumenical Temple.
  3383 | D:5      | 3383 ||| PLANNING TEMPLE
  3445 | Temple   | Found a transporter.
  3445 | Temple   | Found a transporter.
  3445 | Temple   | Found a transporter.
  3445 | Temple   | Found a transporter.
  3445 | Temple   | Entered the Ecumenical Temple
  3446 | Temple   | 3446 ||| PLANNING D:1-11
  3454 | Temple   | 3454 ||| PLANNING OKAWARU WORSHIP
  3457 | Temple   | Became a worshipper of Warmaster Okawaru
  3458 | Temple   | 3458 ||| PLANNING D:1-11
  3540 | D:5      | Noticed a two-headed ogre
  3554 | D:5      | Killed a two-headed ogre
  3554 | D:5      | Reached * piety under Okawaru
  3555 | D:5      | Reached skill level 9 in Ranged Weapons
  3555 | D:5      | Reached XP level 8. HP: 15/48 MP: 8/8
  3749 | D:5      | Found a transporter.
  3750 | D:5      | Found a transporter.
  3752 | D:5      | Noticed qw's ghost (novice GrHu)
  3789 | D:5      | 3789 ||| INVOKING Heroism.
  3814 | D:5      | Found a shimmering blue altar of Sif Muna.
  4009 | D:5      | 4009 ||| FLEEEEING.
  4010 | D:5      | 4010 ||| FLEEEEING.
  4011 | D:5      | 4011 ||| FLEEEEING.
  4013 | D:5      | 4013 ||| FLEEEEING.
  4014 | D:5      | 4014 ||| FLEEEEING.
  4015 | D:5      | 4015 ||| FLEEEEING.
  4017 | D:5      | 4017 ||| STAIRDANCE
  4064 | D:5      | 4064 ||| STAIRDANCE
  4157 | D:5      | 4157 ||| INVOKING Heroism.
  4164 | D:5      | Reached skill level 1 in Invocations
  4369 | D:6      | Reached skill level 3 in Armour
  4502 | D:6      | 4502 ||| RETREEAATING.
  4504 | D:6      | 4504 ||| Stepping ~*~*~tactically~*~*~ (retreating).
  4507 | D:6      | 4507 ||| Stepping ~*~*~tactically~*~*~ (retreating).
  4508 | D:6      | 4508 ||| Stepping ~*~*~tactically~*~*~ (retreating).
  4544 | D:6      | 4544 ||| INVOKING Heroism.
  4564 | D:6      | Reached XP level 9. HP: 54/54 MP: 8/10
  4615 | D:6      | Reached skill level 3 in Invocations
  4641 | D:6      | Noticed a troll
  4642 | D:6      | 4642 ||| INVOKING Heroism.
  4660 | D:6      | HP: 12/55 [troll (10)]
  4661 | D:6      | 4661 ||| READING scroll of teleportation.
  4662 | D:6      | 4662 ||| DRINKING 2 potions of heal wounds.
  4887 | D:6      | 4887 ||| INVOKING Heroism.
  5208 | D:6      | Found Tushrotom's Book Emporium.
  5555 | D:7      | 5555 ||| PLANNING OSSUARY
  5565 | D:7      | Reached skill level 6 in Fighting
  5590 | D:7      | 5590 ||| INVOKING Heroism.
  5602 | D:7      | Reached skill level 10 in Ranged Weapons
  5744 | D:7      | Reached skill level 3 in Dodging
  5807 | D:7      | 5807 ||| FLEEEEING.
  5811 | D:7      | 5811 ||| DRINKING 2 potions of curing.
  5811 | D:7      | 5811 ||| (to cure confusion)
  5919 | D:7      | Found a sand-covered staircase.
  5920 | D:7      | 5920 ||| UPGRADING to +0 helmet.
  5934 | Ossuary  | Entered an ossuary
  6109 | Ossuary  | Reached ** piety under Okawaru
  6171 | Ossuary  | 6171 ||| DRINKING 2 fizzy brown potions.
  6172 | Ossuary  | 6172 ||| DRINKING 2 bubbling white potions.
  6173 | Ossuary  | 6173 ||| READING 2 scrolls of identify.
  6173 | Ossuary  | 6173 ||| IDENTIFYING metallic sapphire potion
  6174 | Ossuary  | 6174 ||| DROPPING potion of brilliance.
  6175 | Ossuary  | 6175 ||| DROPPING potion of degeneration.
  6181 | D:7      | 6181 ||| PLANNING D:1-11
  6249 | D:7      | 6249 ||| INVOKING Heroism.
  6269 | D:7      | 6269 ||| INVOKING Heroism.
  6355 | D:7      | Found a basalt altar of Yredelemnul.
  6495 | D:7      | Noticed a hornet
  6503 | D:7      | 6503 ||| INVOKING Heroism.
  6517 | D:7      | Killed a hornet
  6518 | D:7      | Reached skill level 11 in Ranged Weapons
  6807 | D:7      | 6807 ||| UPGRADING to +0 steam dragon scales.
  6817 | D:7      | 6817 ||| DROPPING +0 ring mail.
  6882 | D:8      | Found a blossoming altar of Fedhas.
  6892 | D:8      | Reached XP level 10. HP: 64/64 MP: 13/13
  6918 | D:8      | You fall into a shaft and drop 2 floors!
  6918 | D:10     | Entered Level 10 of the Dungeon
  7019 | D:10     | Found a stormy altar of Qazlal.
  7352 | D:10     | Identified the ring of Daenav {rElec rCorr Str+6 Int+2
                  | Dex-3 SInv}
  7378 | D:10     | Found a broken altar of Ashenzari.
  7403 | D:10     | 7403 ||| READING scroll of enchant weapon.
  7403 | D:10     | 7403 ||| ENCHANTING +1 shortbow.
  7477 | D:9      | 7477 ||| INVOKING Heroism.
  7590 | D:9      | 7590 ||| INVOKING Heroism.
  7678 | D:9      | Noticed a six-headed hydra
  7679 | D:9      | 7679 ||| INVOKING Heroism.
  7696 | D:9      | HP: 7/64 [six-headed hydra (10)]
  7697 | D:9      | 7697 ||| READING 3 scrolls of teleportation.
  7697 | D:9      | Slain by a six-headed hydra

Levels and vault maps discovered:
D:1:      minmay_arrival_arboretum_small, layout_basic,
          chequers_ecumenical_altar_island, roderic_roman_lattice
D:2:      layout_basic, basic_altar, dk_noncrumbling_2,
          chequers_serial_rivers_large_b
D:3:      minmay_spotlight, layout_basic, riverfiend_overflow_shadow_ancestor,
          serial_shops, nicolae_shop_pleasant_corner_grove, shop,
          kennysheep_generic_room_9, uniq_grinder, uniq_jessica
D:4:      layout_basic, mainiacjoe_overflow_brackets
D:5:      layout_loops_ring, mainiacjoe_overflow_cross_hatched,
          minmay_temple_entry_mist, gammafunk_ghost_arena
D:6:      layout_basic, serial_shops, nicolae_shop_pleasant_corner_grove,
          minmay_diced_spiral
D:7:      layout_basic, nicolae_yredelemnul_corpse_copse,
          nicolae_ossuary_entry_monument, minmay_hedge_maze
D:8:      layout_cave_pools, kennysheep_slug_shrine, overflow_temple_1_default,
          nemelex_diamond_rough_becter, enter_bailey_8
D:9:      layout_layer_cave, lightli_temple_of_fire, dpeg_oklobed_lair,
          minmay_misc_feat_five, chequers_arboretum, minivault_21
D:10:     nicolae_hexawheel, layout_layer_cave, mainiacjoe_overflow_24_doors,
          mainiacjoe_overflow_surrounded_room, gammafunk_temple_overflow_pools,
          roderic_batcave, eino_house_with_fridge
Temple:   hellmonk_temple_divided_pantheon

Skill      XL: |  1  2  3  4  5  6  7  8  9 10 |
---------------+-------------------------------+-----
Armour         | 1 2 3 4 |  4.2
Ranged Weapons | 5 7 9 11 | 11.6
Fighting       | 3 4 5 7 8 |  8.0
Dodging        | 2 3 |  3.1
Invocations    | 2 4 |  4.0
Stealth        | |  1.1

Action                     |  1- 3 |  4- 6 |  7- 9 | 10-12 || total
---------------------------+-------+-------+-------+-------++-------
   Fire: Shortbow          |   154 |   133 |   591 |   106 ||   984
 Invoke: Heroism           |       |       |     9 |     3 ||    12
    Use: Scroll            |     2 |     4 |     5 |     2 ||    13
         Potion            |       |     2 |     6 |       ||     8
 Armour: Leather armour    |    24 |       |       |       ||    24
         Ring mail         |    29 |    45 |   285 |       ||   359
         Steam dragon scal |       |       |     4 |    89 ||    93
  Dodge: Dodged            |    50 |    35 |   233 |    80 ||   398

Table legend:
 A = Non-vault XP
 B = Vault XP
 C = Vault XP percentage of total XP
 D = Non-vault monster count
 E = Vault monster count
 F = Vault count percentage of total count
                 A         B        C        D         E       F
            +---------+---------+-------+---------+---------+-------
      Total |    4486 |    1298 |  22.4 |     138 |      64 |  31.7
            +---------+---------+-------+---------+---------+-------
        D:1 |      34 |       0 |   0.0 |      24 |       0 |   0.0
        D:2 |      53 |       0 |   0.0 |      23 |       0 |   0.0
        D:3 |      75 |     376 |  83.4 |      10 |       9 |  47.4
        D:4 |     250 |       0 |   0.0 |      21 |       0 |   0.0
        D:5 |    1350 |       0 |   0.0 |      12 |       0 |   0.0
        D:6 |     225 |     175 |  43.8 |       8 |       5 |  38.5
        D:7 |    1272 |     283 |  18.2 |      24 |       8 |  25.0
        D:8 |     437 |       0 |   0.0 |       4 |       0 |   0.0
        D:9 |     266 |       0 |   0.0 |       6 |       0 |   0.0
       D:10 |     524 |      66 |  11.2 |       6 |       8 |  57.1
    Ossuary |       0 |     398 | 100.0 |       0 |      34 | 100.0
            +---------+---------+-------+---------+---------+-------
